 Dungeon Crawl Stone Soup version 0.14-a0-2950-gbe29d66 (webtiles) character file.

839 Kae the Spear-Bearer (level 7, -6/60 HPs)
             Began as a Naga Gladiator on Mar 4, 2014.
             Mangled by an iguana (13 damage)
             ... on Level 4 of the Dungeon.
             The game lasted 00:06:16 (4670 turns).

Kae the Spear-Bearer (Naga Gladiator)               Turns: 4670, Time: 00:06:16

HP  -6/60        AC  4     Str 19      XL: 7   Next: 33%
MP   7/7         EV 12     Int  9      God:
Gold 271         SH  0     Dex 11      Spells:  0 memorised,  6 levels left

rFire  . . .     SeeInvis +     u - +0 trident (slay drac)
rCold  . . .     Clarity  .     b - +0 leather armour
rNeg   . . .     Conserve .     (no shield)
rPois  +         rCorr    .     c - +0 helmet
rElec  .         rRot     .     (no cloak)
SustAb . .       Spirit   .     (no gloves)
rMut   .         Warding  .     (no barding)
Saprov . . .     Stasis   .     (no amulet)
MR     .....                    (no ring)
                                i - +2 ring of evasion

@: very slow, not resistant to hostile enchantments, very unstealthy
A: spit poison, see invisible, deformed body, poison resistance, slowness 2, AC
+2
a: Spit Poison


You were on level 4 of the Dungeon.
You were not hungry.

You visited 1 branch of the dungeon, and saw 4 of its levels.
You also visited: Sewer.

You collected 271 gold pieces.

Inventory:

Hand weapons
 a - a +0,+0 trident
 u - a +0,+0 trident of dragon slaying (weapon)
Missiles
 d - 3 throwing nets (quivered)
Armour
 b - a +0 leather armour (worn)
 c - a +0 helmet (worn)
Magical devices
 s - a wand of enslavement (16) {unknown}
 x - a wand of flame (11) {unknown}
Comestibles
 f - 3 bread rations
 q - 2 chokos
 r - a meat ration
 t - 5 strawberries
 v - a pear
 z - a chunk of kobold flesh
Scrolls
 g - 2 scrolls of remove curse {unknown}
 h - a scroll of noise {unknown}
 k - a scroll of enchant armour {unknown}
 l - 4 scrolls of identify {unknown}
 m - a scroll of fog {unknown}
 n - 3 scrolls of teleportation
 o - 2 scrolls of enchant weapon II {unknown}
Jewellery
 i - a +2 ring of evasion (left hand)
Potions
 e - 4 potions of flight
 j - 4 potions of magic
 p - 3 potions of curing
 w - a potion of restore abilities


   Skills:
 - Level 2.0 Fighting
 + Level 8.2 Polearms
 - Level 1.7 Throwing
 - Level 2.4 Dodging


You had 6 spell levels left.
You didn't know any spells.

Dungeon Overview and Level Annotations

Branches:
Dungeon (4/16)
 Temple: D:4-7

Altars:
Dithmenos
Nemelex Xobeh


Innate Abilities, Weirdness & Mutations

You cannot wear boots.
You can spit poison.
Your serpentine skin is tough (AC +2).
You have supernaturally acute eyesight.
Armour fits poorly on your strangely shaped body.
Your system is resistant to poisons.
You cover ground very slowly.


Message History

The iguana closely misses you.
Drink which item? (? for menu, Esc to quit)
You feel better. The iguana bites you.
* * * LOW HITPOINT WARNING * * *
Drink which item? (? for menu, Esc to quit)
You feel better. The iguana bites you!
* * * LOW HITPOINT WARNING * * *
You hit the iguana.
The iguana is almost dead.
The iguana bites you!
* * * LOW HITPOINT WARNING * * *
You hit the iguana but do no damage.
The iguana is almost dead.
The iguana bites you but does no damage.
You barely miss the iguana.
The iguana is severely wounded.
You hit the iguana but do no damage.
The iguana is severely wounded.
The iguana bites you!
You die...

####### ......
#.... #....
#.... ## ##.<.
... #l## #...
....###@# #...
....#..#.##
#...
#..###.##.#
#... #..#
#...#.# #...
#..####..##.#
#...
#...###....#.#
#...
#...##..#..##
...
#...#...#...#
#.%##.#.# #.#


You could see an iguana.

Vanquished Creatures
  Grinder (D:3)
  A gnoll shaman (D:3)
  A siren (Sewer)
  A mermaid (Sewer)
  4 green rats (Sewer)
  7 adders
  3 giant mites (Sewer)
  2 worms (D:3)
  An orc skeleton (D:4)
  A giant eyeball (D:4)
  4 oozes
  6 orcs (D:3)
  13 giant cockroaches
  4 goblins
  11 hobgoblins
  2 jackals (D:3)
  11 kobolds
  3 quokkas (D:3)
  2 ball pythons (Sewer)
  7 bats
  7 giant geckos
  12 giant newts
  25 rats
129 creatures vanquished.

Vanquished Creatures (others)
  4 drowned souls (Sewer)
4 creatures vanquished.

Grand Total: 133 creatures vanquished

Notes
Turn   | Place    | Note
--------------------------------------------------------------
     0 | D:1      | Kae, the Naga Gladiator, began the quest for the Orb.
     0 | D:1      | Reached XP level 1. HP: 19/19 MP: 1/1
   303 | D:1      | Reached XP level 2. HP: 24/26 MP: 2/2
   618 | D:1      | Reached skill level 4 in Polearms
   669 | D:1      | Reached XP level 3. HP: 25/32 MP: 3/3
  1068 | D:2      | Reached XP level 4. HP: 31/39 MP: 4/4
  1083 | D:2      | Found a shadowy altar of Dithmenos.
  1119 | D:2      | Reached skill level 5 in Polearms
  1525 | D:3      | Found a glowing drain.
  1530 | Sewer    | Entered a sewer
  1684 | Sewer    | Reached XP level 5. HP: 45/45 MP: 5/5
  1703 | Sewer    | Paralysed by a potion of paralysis for 3 turns
  1997 | Sewer    | Reached skill level 6 in Polearms
  2083 | Sewer    | Noticed a drowned soul
  2084 | Sewer    | Noticed a drowned soul
  2086 | Sewer    | Killed a drowned soul
  2089 | Sewer    | Noticed a drowned soul
  2090 | Sewer    | Noticed a drowned soul
  2091 | Sewer    | Noticed a drowned soul
  2094 | Sewer    | Killed a drowned soul
  2095 | Sewer    | Killed a drowned soul
  2097 | Sewer    | Noticed a drowned soul
  2097 | Sewer    | Killed a drowned soul
  2099 | Sewer    | Noticed a drowned soul
  2398 | D:3      | Reached XP level 6. HP: 36/52 MP: 6/6
  2604 | D:3      | Found a sparkling altar of Nemelex Xobeh.
  2993 | D:3      | Noticed Grinder
  2997 | D:3      | Paralysed by Grinder for 4 turns
  3334 | D:3      | Paralysed by Grinder for 5 turns
  3357 | D:3      | Paralysed by Grinder for 3 turns
  3363 | D:3      | Killed Grinder
  3363 | D:3      | Reached skill level 8 in Polearms
  3363 | D:3      | Reached XP level 7. HP: 17/60 MP: 7/7
  4356 | D:4      | Paralysed by a giant eyeball for 4 turns
  4670 | D:4      | Mangled by an iguana

Action                   |  1- 3 |  4- 6 |  7- 9 || total
-------------------------+-------+-------+-------++-------
Melee: Trident           |   129 |   316 |   106 ||   551
 Abil: Spit Poison       |       |     2 |       ||     2
  Use: Potion            |       |     8 |     2 ||    10
       Scroll            |       |     1 |     1 ||     2
